 Dungeon Crawl Stone Soup version 0.30-a0-125-g51eefa89be (webtiles) character file.

Game seed: 16748619072600022929

221 Flugkiller the Insei (level 6, -1/48 HPs)
             Began as a Formicid Transmuter on Sept 18, 2022.
             Slain by an ogre
             ... wielding a +0 giant club
              (24 damage)
             ... on level 4 of the Dungeon.
             The game lasted 00:06:53 (3537 turns).

Flugkiller the Insei (Formicid Transmuter)          Turns: 3537, Time: 00:06:53

Health: -1/48      AC:  2    Str: 14    XL:     6   Next: 18%
Magic:  8/9        EV: 14    Int: 13    God:
Gold:   171        SH:  0    Dex: 22    Spells: 3/9 levels left

rFire   . . .      SeeInvis +      - Unarmed
rCold   . . .      Faith    .    (no shield)
rNeg    . . .      Spirit   .    a - +0 robe
rPois   .          Reflect  .    (helmet unavailable)
rElec   .          Harm     .    l - scarf {repulsion}
rCorr   .          Rampage  .    (no gloves)
Will    .....                    (no boots)
Stlth   ++........               (no amulet)
HPRegen 0.16/turn                g - +6 ring of dexterity
MPRegen 0.11/turn                (no ring)

@: repel missiles
A: permanent stasis, dig shafts and tunnels, antennae 3, four strong arms
a: Dig, Shaft Self


You were on level 4 of the Dungeon.
You visited 1 branch of the dungeon, and saw 4 of its levels.

You collected 207 gold pieces.
You spent 36 gold pieces at shops.

Inventory:

Hand Weapons
 e - a +1 dagger of venom
   (You took it off a kobold on level 1 of the Dungeon)
Armour
 a - a +0 robe (worn)
 l - a scarf of repulsion (worn)
   (You found it on level 3 of the Dungeon)
 n - the +2 chain mail of Silouc {Str+5 Int+4}
   (You found it on level 3 of the Dungeon)

   Str:       It affects your strength (+5).
   Int:       It affects your intelligence (+4).
Jewellery
 g - a +6 ring of dexterity (left hand)
   (You found it on level 1 of the Dungeon)
Wands
 o - a wand of flame (18)
   (You found it on level 3 of the Dungeon)
Scrolls
 b - a scroll of acquirement
 h - a scroll of immolation {unknown}
 j - a scroll of teleportation {unknown}
 k - a scroll of fear {unknown}
 m - a scroll of amnesia {unknown}
Potions
 c - 2 potions of brilliance {unknown}
 d - 2 potions of might
 f - 2 potions of magic {unknown}
 i - a potion of heal wounds {unknown}
 p - 2 potions of haste {unknown}
 q - a potion of curing
 r - a potion of lignification
 s - a potion of invisibility {unknown}


   Skills:
 + Level 3.7 Fighting
 + Level 3.5 Dodging
 - Level 4.0 Unarmed Combat
 - Level 2.1 Spellcasting
 + Level 2.3 Transmutations
 + Level 0.8 Poison Magic


You had 3 spell levels left.
You knew the following spells:

 Your Spells              Type           Power      Damage    Failure   Level
a - Beastly Appendage     Tmut           14%        N/A       10%         1
b - Wereblood             Tmut           7%         N/A       14%         2
c - Spider Form           Tmut/Pois      5%         N/A       36%         3

Your spell library contained the following spells:

 Spells                   Type           Power      Damage    Failure   Level
 Portal Projectile        Hex/Tloc       2%         N/A       58%         3
 Tukima's Dance           Hex            1%         N/A       58%         3
 Ice Form                 Ice/Tmut       4%         N/A       83%         4
 Blade Hands              Tmut           3%         N/A       95%         5


Dungeon Overview and Level Annotations

Branches:
Dungeon (4/15) Zot: 20471
 Temple: D:4-7

Altars:

Shops:
D:2 ?[=!


Innate Abilities, Weirdness & Mutations

You cannot be hasted, slowed, berserked, paralysed or teleported.
You can dig through walls and to a lower floor.
You have a pair of large antennae on your head. (SInv)
Your four strong arms can wield two-handed weapons with a shield.


Message History

Confirm with . or Enter, or press ? or * to list all spells.
Your feet morph into talons.
A gnoll comes into view. It is wielding a +0 spear.
The gnoll shouts!
You hit the gnoll but do no damage. You claw the gnoll.
The gnoll is lightly wounded.
The gnoll closely misses you.
You hit the gnoll.
The gnoll is heavily wounded.
A gnoll comes into view. It is wielding a +2 vorpal spear.
The gnoll barely misses you.
The gnoll shouts!
You hit the gnoll. You claw the gnoll.
You kill the gnoll!
You have reached level 6!
Your transformation is almost over.
You howl as the wereblood boils in your veins!
You howl as the wereblood boils in your veins!
There is an escape hatch in the ceiling here.
A mysterious force pulls you upwards. The hatch slams shut behind you.
You start resting.
You howl as the wereblood boils in your veins!
You start resting.
You howl as the wereblood boils in your veins!
Your talons disappear.
You start resting.
Your primal bloodlust is almost over.
You start resting.
Your primal bloodlust has ended.
You start resting.
Magic restored.
(D) Dungeon
Where to? (Enter - D:3 @ (x,y), ? - help)
There is an open door here.
There is an open door here.
There is a stone staircase leading down here.
You climb downwards.
Found an escape hatch in the floor.
There is a stone staircase leading up here.
Casting: Beastly Appendage (safe; 10% risk of failure)
Confirm with . or Enter, or press ? or * to list all spells.
Your blood is infused with primal strength.
An iguana comes into view.
Casting: Wereblood (safe; 16% risk of failure)
Confirm with . or Enter, or press ? or * to list all spells.
Your feet morph into talons.
The helpless iguana fails to defend itself.
You hit the iguana but do no damage. Your kick misses the iguana.
The iguana bites you.
You hit the iguana.
The iguana is moderately wounded.
The iguana bites you!
You hit the iguana. Your punch misses the iguana.
The iguana is severely wounded.
The iguana barely misses you.
You hit the iguana but do no damage.
The iguana is severely wounded.
The iguana closely misses you.
You hit the iguana. You claw the iguana.
The iguana is almost dead.
The iguana closely misses you.
You hit the iguana.
You feel a bit better.
You kill the iguana!
No target in view!
You howl as the wereblood boils in your veins!
You hear a shout!
An ogre comes into view. It is wielding a +0 giant club.
Found a potion of might.
You howl as the wereblood boils in your veins!
Your talons disappear.
Aiming: Throw Flame
Press: ? - help, Shift-Dir - straight line, f - ogre
Aim: an ogre, wielding a +0 giant club (85% to hit)
The puff of flame hits the ogre.
The ogre is lightly wounded.
Your primal bloodlust is almost over.
Aiming: Throw Flame
Press: ? - help, Shift-Dir - straight line, f/p - ogre
Aim: an ogre, wielding a +0 giant club (lightly wounded, 85% to hit)
The puff of flame hits the ogre.
The ogre is moderately wounded.
You hit the ogre but do no damage.
The ogre is moderately wounded.
The ogre hits you with a +0 giant club!!
You hit the ogre.
The ogre is heavily wounded.
You hit the ogre.
The ogre is heavily wounded.
The ogre closely misses you.
You hit the ogre.
The ogre is severely wounded.
The ogre barely misses you.
You completely miss the ogre.
The ogre is severely wounded.
Your primal bloodlust has ended.
You hit the ogre.
The ogre is severely wounded.
The ogre hits you with a +0 giant club!!
Ouch! That really hurt!
You die...

# #........#
#.#........#
...........#
##.#........#
#...........####
..............! ..#
#.# #.####.#
#.#####.##
#...<#.####.@O......
#...###.........####..
#...............#
#.#.#...........#
#...........#
###.........#
#>........#
#.........#
####.........#


You could see an ogre.

Vanquished Creatures
  A jelly (D:4)
  2 iguanas (D:4)
  A gnoll (D:4)
  4 adders
  A worm (D:2)
  3 dart slugs
  14 orcs (D:3)
  5 bats
  5 endoplasms
  A giant cockroach (D:1)
  7 goblins
  4 hobgoblins (D:3)
  4 jackals (D:1)
  6 kobolds
  A quokka (D:2)
  3 ball pythons
  5 frilled lizards
  7 rats
74 creatures vanquished.

Notes
Turn   | Place    | Note
-------+----------+-------------------------------------------
     0 | D:1      | Flugkiller the Formicid Transmuter began the quest for the
                  | Orb.
     0 | D:1      | Reached XP level 1. HP: 15/15 MP: 3/3
   260 | D:1      | Reached XP level 2. HP: 19/21 MP: 5/5
   648 | D:1      | Reached skill level 4 in Unarmed Combat
   648 | D:1      | Reached XP level 3. HP: 11/26 MP: 6/6
  1210 | D:2      | Found a faded altar of an unknown god.
  1398 | D:2      | Found Odeguyse's Jewellery Shop.
  1403 | D:2      | Found Fucsog's Distillery.
  1411 | D:2      | Bought a potion of curing for 36 gold pieces
  1516 | D:2      | Found Kohybo's Magic Scroll Shoppe.
  1536 | D:2      | Reached XP level 4. HP: 33/33 MP: 5/7
  1823 | D:2      | Found Kigrur's Armour Shop.
  1959 | D:3      | Identified the +2 chain mail of Silouc {Str+5 Int+4}
  1966 | D:3      | Noticed a black bear
  2474 | D:3      | Reached XP level 5. HP: 22/39 MP: 8/8
  3129 | D:3      | Identified a scroll of acquirement
  3417 | D:4      | Learned a level 2 spell: Wereblood
  3421 | D:4      | Learned a level 3 spell: Spider Form
  3444 | D:4      | Reached XP level 6. HP: 47/47 MP: 5/9
  3526 | D:4      | Noticed an ogre
  3537 | D:4      | Slain by an ogre

Illustrated notes

Levels and vault maps discovered:
D:1:      lightli_arrival_statue_moat, layout_rooms
D:2:      layout_basic, serial_shops, shop, nicolae_shop_statue_plus,
          nicolae_shop_window_shopping, shop, basic_ecumenical_altar
D:3:      layout_loops_corners, minmay_fountain_box, grunt_ministairs_3
D:4:      layout_basic, general_overflow_altar, minitemple,
          hangedman_decor_peaks_small, grunt_ministairs_13

Skill      XL: |  1  2  3  4  5 |
---------------+----------------+-----
Unarmed Combat | 4 |  4.0
Dodging        | 2 3 |  3.5
Fighting       | 2 3 |  3.7
Spellcasting   | |  2.1
Transmutations | |  2.3
Poison Magic   | |  0.8

Action                   |  1- 3 |  4- 6 || total
-------------------------+-------+-------++-------
Melee: Unarmed           |    10 |    68 ||    78
       Dagger            |    69 |    35 ||   104
       Punch             |     3 |     4 ||     7
       Kick              |     5 |    20 ||    25
 Cast: Beastly Appendage |     8 |    18 ||    26
       Wereblood         |       |     2 ||     2
Evoke: Wand              |       |     2 ||     2
  Use: Potion            |     1 |       ||     1
       Scroll            |       |     2 ||     2
 Stab: Sleeping          |     3 |     8 ||    11
Armor: Robe              |    17 |     6 ||    23
       Skin              |     7 |       ||     7
Dodge: Dodged            |    46 |    49 ||    95

Table legend: (Time is in decaauts)
 A = Elapsed time spent in this place.
 B = Non-inter-level travel time spent in this place.
 C = Inter-level travel time spent in this place.
 D = Time resting spent in this place.
 E = Time spent auto-exploring this place.
 F = Levels seen in this place.
 G = Mean time per level.
                   A        B        C        D        E       F      G
               +--------+--------+--------+--------+--------+-----+--------+
         Total |   3527 |   3416 |    111 |   1353 |   1311 |   4 |  881.8 |
       Dungeon |   3527 |   3416 |    111 |   1353 |   1311 |   4 |  881.8 |
               +--------+--------+--------+--------+--------+-----+--------+

Top non-repeatable levels by time:
     D:3: 1266 daAuts
     D:1: 1208 daAuts
     D:2: 708 daAuts
     D:4: 343 daAuts
